 Dungeon Crawl Stone Soup version 0.30.0-20-g3615ddf2f0 (webtiles) character file.

Game seed: 5896849618650163563

85 qw the Chopper (level 4, -3/28 HPs)
             Began as a Gargoyle Fighter on May 28, 2023.
             Killed from afar by an orc wizard (4 damage)
             ... with a magic dart
             ... on level 3 of the Dungeon.
             The game lasted 00:01:01 (1314 turns).

qw the Chopper (Gargoyle Fighter)                   Turns: 1314, Time: 00:01:02

Health: -3/28      AC: 15    Str: 22    XL:     4   Next: 48%
Magic:  4/4        EV:  5    Int:  8    God:
Gold:   149        SH: 11    Dex: 15    Spells: 3/3 levels left

rFire   . . .        Y - +0 war axe (chaos)
rCold   . . .        e - +2 kite shield
rNeg    + . .        k - +0 plate armour
rPois   inf          (no helmet)
rElec   +            (no cloak)
rCorr   .            (no gloves)
SInv    .            (no boots)
Will    .....        (no amulet) Stlth
                     l - +6 ring of dexterity
HPRegen 0.24/turn    (no ring)
MPRegen 0.09/turn

%: no passive effects
@: no status effects
A: sickness immunity, AC +3, negative energy resistance 1, electricity
resistance, torment resistance 1, petrification resistance
a: no special abilities


You were on level 3 of the Dungeon.
You visited 1 branch of the dungeon, and saw 3 of its levels.

You collected 149 gold pieces.


Innate Abilities, Weirdness & Mutations

You are immune to sickness and miasma.
Your stone body is resilient. (AC +3)
You are immune to poison.
You resist negative energy. (rN+)
You are resistant to electric shocks. (rElec)
You are resistant to unholy torment.
You are immune to petrification.


   Skills:
 - Level 3.2 Fighting
 - Level 4.1 Axes
 - Level 3.2 Armour
 + Level 3.4 Shields


You had 3 spell levels left.
You didn't know any spells.
Your spell library was empty.

Inventory:

Hand Weapons
 a - a +0 club
 Y - a +0 war axe of chaos (weapon)
Armour
 b - a +0 cloak
 e - a +2 kite shield (worn)
 k - a +0 plate armour (worn)
Jewellery
 l - a +6 ring of dexterity (left hand)
Scrolls
 f - a scroll of fog {unknown}
 g - 3 scrolls of identify
Potions
 c - a potion of heal wounds {unknown}
 d - a potion of might
 h - a potion of haste
 i - a potion of curing {unknown}
 j - a potion of attraction {unknown}
 m - a potion of invisibility {unknown}
 n - a potion of degeneration {unknown}

Dungeon Overview and Level Annotations

Branches:
Dungeon (3/15)

Altars:
Gozag


Message History

Found a short jewelled staff.
The orc wizard shouts!
The orc shouts!
An orc comes into view. It is wielding a +0 short sword.
An orc comes into view. It is wielding a +0 club.
An orc priest comes into view. It is wielding a +0 hand axe.
The orc shouts! x2; The orc priest shouts!
A dart slug comes into view.
Found 12 gold pieces.
You barely miss the orc wizard. You completely miss the orc.
You block the orc's attack.
The orc wizard hits you with a +0 dagger.
You hit the orc wizard.
The orc wizard suddenly seems more agile.
The orc wizard is heavily wounded.
You barely miss the orc. You block the orc's attack.
The orc wizard hits you but does no damage.
You block the orc's attack.
You barely miss the orc. You hit the orc. You freeze the orc.
The orc priest mumbles some strange prayers to Beogh against you.
Beogh smites you!
Ouch! That really hurt!
You hit the orc. You freeze the orc.
The orc is severely wounded.
You hit the orc.
The orc is poisoned.
You block the orc's attack.
You closely miss the orc.
The orc is almost dead.
You hit the orc but do no damage.
The orc seems to grow stronger.
You kill the orc!
The orc priest mumbles some strange prayers to Beogh against you.
Beogh smites you! You block the orc's attack.
The orc hits you but does no damage.
You barely miss the orc wizard.
The orc wizard is heavily wounded.
You hit the orc but do no damage.
The orc is poisoned.
The orc hits you with a +0 short sword.
The orc wizard gestures at you while chanting.
The magic dart hits you.
You die... ....... $...... ..|.... ....... ....... oo.....

###ow.....
#.@o#
##.###
#..# #.##
# ##.# ..
#..# ##.
##.## ....
#..# 8...8
#.##


You could see an orc priest, an orc wizard (agile), a dart slug and 2 orcs.

Vanquished Creatures
  2 adders (D:2)
  2 worms
  3 dart slugs
  An orc (D:3)
  5 bats
  5 endoplasms
  3 giant cockroaches
  9 hobgoblins
  2 jackals (D:1)
  8 ball pythons
  3 frilled lizards (D:1)
  4 goblins
  5 kobolds
52 creatures vanquished.

Notes
Turn   | Place    | Note
-------+----------+-------------------------------------------
     0 | D:1      | qw the Gargoyle Fighter began the quest for the Orb.
     0 | D:1      | Reached XP level 1. HP: 14/14 MP: 1/1
     0 | D:1      | 0 ||| qw: Version: 0.2-a-100-g4e38944
     0 | D:1      | 0 ||| qw: Game counter: 217
     0 | D:1      | 0 ||| qw: Always use a shield: true
     0 | D:1      | 0 ||| qw: God list: Okawaru
     0 | D:1      | 0 ||| qw: Allow faded altars: false
     0 | D:1      | 0 ||| qw: Do Orc after D:15 true
     0 | D:1      | 0 ||| qw: Do second Lair branch before Depths: true
     0 | D:1      | 0 ||| qw: Lair rune preference: random
     0 | D:1      | 0 ||| qw: Plans: Normal, Zot:1-4, God:TSO, Crypt, Tomb,
                  | Pan, Slime:5, Hells, Abyss, Win
     0 | D:1      | 0 ||| PLANNING D:1-11
    22 | D:1      | Reached skill level 2 in Axes
    32 | D:1      | 32 ||| Stepping ~*~*~tactically~*~*~ (stealth).
    33 | D:1      | 33 ||| Stepping ~*~*~tactically~*~*~ (stealth).
    47 | D:1      | Reached XP level 2. HP: 17/19 MP: 2/2
   266 | D:1      | Reached skill level 3 in Axes
   288 | D:1      | Found a faded altar of an unknown god.
   333 | D:1      | 333 ||| Stepping ~*~*~tactically~*~*~ (stealth).
   340 | D:1      | Reached XP level 3. HP: 23/23 MP: 3/3
   444 | D:1      | 444 ||| Stepping ~*~*~tactically~*~*~ (hiding).
   596 | D:1      | 596 ||| READING 2 scrolls labelled CYRRAF RUSOLE.
   597 | D:1      | 597 ||| DROPPING +0 club.
   598 | D:1      | 598 ||| READING scroll of brand weapon.
   598 | D:1      | 598 ||| BRANDING +0 war axe of flaming.
   632 | D:1      | 632 ||| READING 2 scrolls labelled MUGELOI JELUN.
   633 | D:1      | 633 ||| READING scroll labelled NENTIPR WUTSE.
   634 | D:1      | 634 ||| DRINKING 2 dark potions.
   967 | D:2      | Reached XP level 4. HP: 28/28 MP: 4/4
  1005 | D:2      | 1005 ||| Stepping ~*~*~tactically~*~*~ (stealth).
  1132 | D:2      | Reached skill level 4 in Axes
  1179 | D:2      | 1179 ||| UPGRADING to +2 kite shield.
  1189 | D:2      | 1189 ||| DROPPING +0 buckler.
  1190 | D:2      | 1190 ||| UPGRADING to +0 plate armour.
  1200 | D:2      | 1200 ||| DROPPING +0 scale mail.
  1201 | D:2      | 1201 ||| UPGRADING to +6 ring of dexterity.
  1202 | D:2      | 1202 ||| READING scroll labelled BYP POOWEP.
  1203 | D:2      | 1203 ||| READING 2 scrolls labelled JOFIYKH MICYEN.
  1204 | D:2      | 1204 ||| DROPPING scroll of immolation.
  1211 | D:3      | Found an opulent altar of Gozag.
  1313 | D:3      | HP: 2/28 [orc priest/divine providence (9)]
  1314 | D:3      | Killed from afar by an orc wizard

Levels and vault maps discovered:
D:1:      ldierk_walled_garden_2, layout_rooms,
          hellmonk_ecumenical_altar_leap_of_faith, minmay_tetromino_l2
D:2:      layout_basic, kennysheep_generic_room_16
D:3:      layout_rooms, mainiacjoe_overflow_six_doors_small, grunt_gozag_statues

Skill      XL: |  1  2  3  4 |
---------------+-------------+-----
Axes           | 2 3 4 |  4.1
Fighting       | |  3.2
Armour         | |  3.2
Shields        | |  3.4

Action                     |  1- 3 |  4- 6 || total
---------------------------+-------+-------++-------
  Melee: War axe           |   124 |    33 ||   157
    Use: Scroll            |     4 |     2 ||     6
         Potion            |     1 |       ||     1
 Armour: Scale mail        |    61 |    11 ||    72
         Plate armour      |       |     3 ||     3
  Dodge: Dodged            |    53 |    11 ||    64
  Block: Buckler           |    19 |       ||    19
         Kite shield       |       |     6 ||     6

Table legend:
 A = Non-vault XP
 B = Vault XP
 C = Vault XP percentage of total XP
 D = Non-vault monster count
 E = Vault monster count
 F = Vault count percentage of total count
                 A         B        C        D         E       F
            +---------+---------+-------+---------+---------+-------
      Total |     104 |      18 |  14.8 |      47 |       5 |   9.6
            +---------+---------+-------+---------+---------+-------
        D:1 |      53 |       2 |   3.6 |      30 |       2 |   6.2
        D:2 |      41 |      16 |  28.1 |      14 |       3 |  17.6
        D:3 |      10 |       0 |   0.0 |       3 |       0 |   0.0
            +---------+---------+-------+---------+---------+-------
